 Dungeon Crawl Stone Soup version 0.31-a0-826-ga5cc291a1b (webtiles) character file.

Game seed: 6456031838809162116

121 qw the Shooter (level 5, -18/32 HPs)
             Began as a Gargoyle Hunter on Sept 23, 2023.
             Demolished by an ogre
             ... wielding a +0 giant club
              (27 damage)
             ... on level 4 of the Dungeon.
             The game lasted 00:00:54 (2160 turns).

qw the Shooter (Gargoyle Hunter)                    Turns: 2160, Time: 00:00:55

Health: -18/32     AC: 11    Str: 14    XL:     5   Next: 5%
Magic:  5/5        EV: 10    Int: 10    God:
Gold:   128        SH:  0    Dex: 15    Spells: 4/4 levels left

rFire   . . .        Y - +1 shortbow
rCold   + . .        (shield currently unavailable)
rNeg    + . .        h - +0 ring mail
rPois   inf          g - +1 hat
rElec   +            b - +0 cloak
rCorr   .            (no gloves)
SInv    +            (no boots)
Will    .....        (no amulet)
Stlth   +            j - ring of protection from cold
HPRegen 0.25/turn    e - ring of see invisible
MPRegen 0.09/turn

%: no passive effects
@: about to teleport
A: sickness immunity, AC +4, negative energy resistance 1, electricity
resistance, torment resistance 1, petrification resistance
a: no special abilities


You were on level 4 of the Dungeon.
You visited 1 branch of the dungeon, and saw 4 of its levels.

You collected 128 gold pieces.


Innate Abilities, Weirdness & Mutations

You are immune to sickness and miasma.
Your stone body is resilient. (AC +4)
You are immune to poison.
You resist negative energy. (rN+)
You are resistant to electric shocks. (rElec)
You are resistant to unholy torment.
You are immune to petrification.


   Skills:
 - Level 3.0 Fighting
 + Level 5.7 Ranged Weapons
 - Level 1.0 Armour
 - Level 1.5 Dodging
 - Level 1.1 Stealth


You had 4 spell levels left.
You didn't know any spells.
Your spell library was empty.

Inventory:

Hand Weapons
 Y - a +1 shortbow (weapon)
Armour
 b - a +0 cloak (worn)
 g - a +1 hat (worn)
 h - a +0 ring mail (worn)
Jewellery
 e - a ring of see invisible (right hand)
 j - a ring of protection from cold (left hand)
Scrolls
 f - 2 scrolls of identify
Potions
 c - a potion of berserk rage {unknown}
 d - a potion of degeneration {unknown}

Dungeon Overview and Level Annotations

Branches:
Dungeon (4/15)
 Temple: D:4-7

Altars:
Ashenzari
Elyvilon

Shops:
D:1 !   D:3 [


Message History

The iguana bites you. The iguana barely misses you.
You shoot an arrow.
The arrow hits the iguana but does no damage.
The iguana is heavily wounded.
The iguana bites you but does no damage.
You shoot an arrow. The arrow barely misses the iguana.
The iguana bites you!
You shoot an arrow. The arrow hits the iguana.
The iguana is almost dead.
The iguana bites you but does no damage.
You shoot an arrow. The arrow hits the iguana.
You kill the iguana!
You have reached level 5!
You start resting.
HP restored.
An ogre comes into view. It is wielding a +0 giant club.
The ogre shouts!
You shoot an arrow. The arrow hits the ogre.
The ogre is moderately wounded.
You shoot an arrow. The arrow hits the ogre.
The ogre is heavily wounded.
You shoot an arrow. The arrow hits the ogre.
The ogre is heavily wounded.
You shoot an arrow.
The arrow hits the ogre but does no damage.
The ogre is heavily wounded.
The ogre closely misses you.
You shoot an arrow. The arrow completely misses the ogre.
You shoot an arrow. The arrow hits the ogre.
The ogre is heavily wounded.
The ogre hits you with a +0 giant club!
You shoot an arrow. The arrow hits the ogre!
The ogre is almost dead.
The ogre hits you with a +0 giant club!
2160 ||| READING scroll of teleportation.
As you read the scroll of teleportation, it crumbles to dust.
You feel strangely unstable.
The ogre hits you with a +0 giant club!!
Ouch! That really hurt!
You die...

#.# #######
#.# .......
#.# .......
#.# .......
#.#
.......##.##
.......#...#
......O#...##
.......@....#
............#
............#
###.........#
#.........#
#.........#
#.........#
#.........#


You could see an ogre.

Vanquished Creatures
  An iguana (D:4)
  2 adders
  An ufetubus (D:4)
  A dart slug (D:2)
  2 orcs
  3 endoplasms
  2 giant cockroaches
  8 goblins
  8 hobgoblins
  9 jackals
  2 quokkas
  7 ball pythons
  6 bats
  5 frilled lizards
  3 kobolds (D:1)
  2 rats
62 creatures vanquished.

Notes
Turn   | Place    | Note
-------+----------+-------------------------------------------
     0 | D:1      | qw the Gargoyle Hunter began the quest for the Orb.
     0 | D:1      | Reached XP level 1. HP: 12/12 MP: 1/1
     0 | D:1      | 0 ||| qw: Version: 0.3-a-83-gcd0e7d8
     0 | D:1      | 0 ||| qw: Game counter: 1918
     0 | D:1      | 0 ||| qw: Melee chars always use a shield: true
     0 | D:1      | 0 ||| qw: God list: Okawaru
     0 | D:1      | 0 ||| qw: Allow faded altars: false
     0 | D:1      | 0 ||| qw: Do Orc after clearing Dungeon:15 true
     0 | D:1      | 0 ||| qw: Do second Lair branch before Depths: true
     0 | D:1      | 0 ||| qw: Lair rune preference: random
     0 | D:1      | 0 ||| qw: Goals: Normal
     0 | D:1      | 0 ||| PLANNING D:1-11
   237 | D:1      | Reached XP level 2. HP: 17/17 MP: 2/2
   304 | D:1      | Found Gupoi's Distillery.
   312 | D:1      | 312 ||| SHOPLISTING potion of curing (33 gold, have 19).
   312 | D:1      | 312 ||| SHOPLISTING potion of enlightenment (55 gold, have
                  | 19).
   312 | D:1      | 312 ||| SHOPLISTING potion of heal wounds (55 gold, have
                  | 19).
   312 | D:1      | 312 ||| SHOPLISTING potion of might (44 gold, have 19).
   411 | D:1      | Reached XP level 3. HP: 21/21 MP: 3/3
   421 | D:1      | Reached skill level 5 in Ranged Weapons
   627 | D:1      | 627 ||| UPGRADING to +1 hat.
   632 | D:1      | 632 ||| UPGRADING to +0 ring mail.
   642 | D:1      | 642 ||| DROPPING +0 leather armour.
   643 | D:1      | 643 ||| READING scroll labelled OXIOTUCE XASE.
   646 | D:1      | 646 ||| READING scroll labelled ATEXIGRIOCO.
   647 | D:1      | 647 ||| READING scroll labelled BANTIM BIRELECS.
   648 | D:1      | 648 ||| DROPPING scroll of butterflies.
   672 | D:2      | Reached skill level 1 in Armour
   906 | D:2      | Reached skill level 3 in Fighting
   906 | D:2      | Reached XP level 4. HP: 28/28 MP: 4/4
   969 | D:2      | Found a broken altar of Ashenzari.
  1235 | D:2      | 1235 ||| UPGRADING to ring of protection from cold.
  1236 | D:2      | 1236 ||| READING scroll labelled LASMIT EPPU.
  1237 | D:2      | 1237 ||| READING scroll labelled ECWYUW POGAUTI.
  1238 | D:2      | 1238 ||| READING 3 scrolls labelled UMUJUN COQA.
  1239 | D:2      | 1239 ||| READING 2 scrolls of identify.
  1239 | D:2      | 1239 ||| IDENTIFYING metallic coppery potion
  1240 | D:2      | 1240 ||| DROPPING potion of attraction.
  1267 | D:3      | 1267 ||| STAIRDANCE
  1636 | D:3      | Found Syull's Armour Shop.
  1657 | D:3      | 1657 ||| SHOPLISTING +1 leather armour of a Labyrinth {rF+
                  | Regen+} (210 gold, have 128).
  1657 | D:3      | 1657 ||| SHOPLISTING +1 leather armour of willpower (140
                  | gold, have 128).
  1805 | D:3      | Found a white marble altar of Elyvilon.
  1961 | D:3      | 1961 ||| UPGRADING to +0 cloak.
  1966 | D:3      | 1966 ||| UPGRADING to ring of see invisible.
  1967 | D:3      | 1967 ||| READING scroll labelled NEDOUR AZXUOD.
  1968 | D:3      | 1968 ||| READING scroll labelled MINYVA MORAJ.
  2108 | D:4      | Reached XP level 5. HP: 21/32 MP: 5/5
  2151 | D:4      | Noticed an ogre
  2159 | D:4      | HP: 8/32 [ogre/+0 giant club (11)]
  2160 | D:4      | 2160 ||| READING scroll of teleportation.
  2160 | D:4      | Demolished by an ogre

Levels and vault maps discovered:
D:1:      lightli_arrival_noodles, layout_loops_ring, serial_shops, shop
D:2:      layout_loops_cross, basic_altar, chequers_serial_rivers_micro_b
D:3:      layout_loops_ring, nicolae_elyvilon_peaceful_grove, serial_shops,
          nicolae_shop_statue_plus, st_stairs_6, roderic_roman_lattice,
          minmay_misc_feat_chi
D:4:      layout_basic, minmay_temple_entry_statues_pillars, uniq_blork_the_orc

Skill      XL: |  1  2  3 |
---------------+----------+-----
Ranged Weapons | 5 |  5.7
Armour         | 1 |  1.0
Fighting       | 3 |  3.0
Dodging        | |  1.5
Stealth        | |  1.1

Action                     |  1- 3 |  4- 6 || total
---------------------------+-------+-------++-------
   Fire: Shortbow          |   130 |    91 ||   221
    Use: Scroll            |     3 |     7 ||    10
 Armour: Leather armour    |    44 |       ||    44
         Ring mail         |    20 |    40 ||    60
  Dodge: Dodged            |    49 |    21 ||    70

Table legend:
 A = Non-vault XP
 B = Vault XP
 C = Vault XP percentage of total XP
 D = Non-vault monster count
 E = Vault monster count
 F = Vault count percentage of total count
                 A         B        C        D         E       F
            +---------+---------+-------+---------+---------+-------
      Total |     169 |       5 |   2.9 |      59 |       3 |   4.8
            +---------+---------+-------+---------+---------+-------
        D:1 |      50 |       0 |   0.0 |      30 |       0 |   0.0
        D:2 |      38 |       0 |   0.0 |      14 |       0 |   0.0
        D:3 |      34 |       5 |  12.8 |      12 |       3 |  20.0
        D:4 |      47 |       0 |   0.0 |       3 |       0 |   0.0
            +---------+---------+-------+---------+---------+-------
